 Dungeon Crawl Stone Soup version 0.29.0-4-gdea44cf6ec (webtiles) character file.

Game seed: 4601644553911079043

494 qw the Shield-Bearer (level 6, -1/51 HPs)
             Began as a Minotaur Berserker on Sept 9, 2022.
             Was a Priest of Trog.
             Slain by a gnoll
             ... wielding a +0 spear
              (6 damage)
             ... on level 4 of the Dungeon.
             The game lasted 00:01:39 (4992 turns).

qw the Shield-Bearer (Minotaur Berserker)           Turns: 4992, Time: 00:01:40

Health: -1/51      AC:  9    Str: 30    XL:     6   Next: 92%
Magic:  5/5        EV:  6    Int:  7    God:    Trog [***...]
Gold:   100        SH: 14    Dex: 13    Spells: 5/5 levels left

rFire   + . .      SeeInvis .   Y - +1 hand axe
rCold   . . .      Faith    .   m - +0 tower shield
rNeg    . . .      Spirit   .   p - +0 chain mail
rPois   .          Reflect  .   (helmet restricted)
rElec   .          Harm     .   (no cloak)
rCorr   .          Rampage  .   e - +0 pair of gloves of Vanity {rF+ Int+3 Dex+4}
Will    +....                   (no boots)
Stlth   ..........              (no amulet)
HPRegen 0.17/turn               i - ring of willpower
MPRegen 0.09/turn               h - +6 ring of strength

@: on berserk cooldown, slowed, very slow
A: horns 2, retaliatory headbutt
a: Renounce Religion, Berserk, Trog's Hand


You were on level 4 of the Dungeon.
You worshipped Trog.
Trog was most pleased with you.
You visited 1 branch of the dungeon, and saw 4 of its levels.

You collected 100 gold pieces.


Innate Abilities, Weirdness & Mutations

You have a pair of horns on your head.
You reflexively headbutt those who attack you in melee.


   Skills:
 - Level 3.6 Fighting
 + Level 5.9 Axes
 - Level 2.4 Armour
 - Level 2.1 Dodging
 - Level 7.2 Shields


You had 5 spell levels left.
You didn't know any spells.
Your spell library was empty.

Inventory:

Hand Weapons
 d - a +0 whip
 Y - a +1 hand axe (weapon)
Armour
 e - the +0 pair of gloves of Vanity (worn) {rF+ Int+3 Dex+4}
   (You acquired it on level 3 of the Dungeon)

   Int:       It affects your intelligence (+3).
   Dex:       It affects your dexterity (+4).
   rF:        It protects you from fire.
 m - a +0 tower shield (worn)
 o - a +0 scale mail of fire resistance
 p - a +0 chain mail (worn)
Jewellery
 h - a +6 ring of strength (right hand)
 i - a ring of willpower (left hand)
Scrolls
 f - a scroll of blinking {unknown}
Potions
 a - a potion of haste {unknown}
 b - a potion of curing {unknown}
 c - a potion of heal wounds {unknown}
 n - a potion of degeneration {unknown}
 q - a potion of mutation {unknown}

Dungeon Overview and Level Annotations

Branches:
Dungeon (4/15)
 Temple: D:4-7

Altars:
Elyvilon
Makhleb
Zin
The Shining One


Message History

The gnoll barely misses you.
You shred the net and break free!
You feel your anger nearly subside.
You are no longer berserk.
You are exhausted.
You feel yourself slow down. You block the gnoll's attack. x2
You hit the gnoll.
The gnoll is lightly wounded.
You block the gnoll's attack. x2
The gnoll hits you from afar with a +0 spear.
The gnoll hits you but does no damage.
You slash the gnoll!
The gnoll is severely wounded.
The gnoll hits you but does no damage. The gnoll barely misses you.
You block the gnoll's attack. x2
The gnoll hits you from afar with a +0 halberd!
The gnoll hits you with a +0 whip.
The gnoll hits you from afar with a +0 spear.
You hit the gnoll but do no damage. You headbutt the gnoll.
You kill the gnoll!
Trog accepts your kill.
The gnoll hits you from afar with a +0 spear.
You block the gnoll's attack. x2; The gnoll barely misses you.
The gnoll hits you but does no damage.
The gnoll hits you from afar with a +0 spear.
The gnoll hits you with a +0 spear! The gnoll hits you with a +0 spear.
You block the gnoll's attack. The gnoll hits you with a +0 spear.
You block the gnoll's attack. x2
You slash the gnoll! Your headbutt misses the gnoll.
The gnoll is severely wounded.
You closely miss the gnoll. You hit the gnoll.
You block the gnoll's attack. x3; The gnoll hits you with a +0 spear.
The gnoll hits you with a +0 halberd! You block the gnoll's attack.
You barely miss the gnoll. You headbutt the gnoll.
You kill the gnoll!
Trog accepts your kill.
You barely miss the gnoll. You slash the gnoll! The gnoll barely misses you.
You block the gnoll's attack. The gnoll hits you with a +0 spear.
You die...

### .#... #..
......#######
#.#
..#.........
# ..........
# # #.......
#.# #.....#
#.# #..g)g+
... ###..@.#
#.#..
#.....)# ###
#.###..# #
#..# ###
#..## #..
#...# #.#
#.#.# #.#
#.#.######
#.#.. ####
#.#......###
#.###


You could see 2 gnolls.

Vanquished Creatures
  2 necrophages (D:4)
  An orc priest (D:3)
  A jelly (D:2)
  Jessica (D:3)
  4 orc wizards
  2 gnolls (D:4)
  5 adders
  An ufetubus (D:4)
  4 worms
  3 dart slugs (D:1)
  7 orcs
  8 ball pythons
  11 endoplasms
  4 giant cockroaches
  7 hobgoblins
  8 jackals
  3 quokkas
  8 bats
  4 frilled lizards
  5 goblins
  12 kobolds
  11 rats
112 creatures vanquished.

Vanquished Creatures (others)
  4 fungi (D:2)
  7 toadstools (D:2)
11 creatures vanquished.

Grand Total: 123 creatures vanquished

Notes
Turn   | Place    | Note
-------+----------+-------------------------------------------
     0 | D:1      | qw the Minotaur Berserker began the quest for the Orb.
     0 | D:1      | Reached XP level 1. HP: 19/19 MP: 0/0
     0 | D:1      | 0 ||| qw: Version: 0.1-a-113-g051387a
     0 | D:1      | 0 ||| qw: Game counter: 7322
     0 | D:1      | 0 ||| qw: Always use a shield: true
     0 | D:1      | 0 ||| qw: Do Orc after D:15 true
     0 | D:1      | 0 ||| qw: Do second Lair branch before Depths: true
     0 | D:1      | 0 ||| qw: Lair rune preference: random
     0 | D:1      | 0 ||| qw: Plans: Normal
     0 | D:1      | 0 ||| PLANNING D:1-11
   204 | D:1      | 204 ||| Stepping ~*~*~tactically~*~*~ (stealth).
   211 | D:1      | 211 ||| Stepping ~*~*~tactically~*~*~ (hiding).
   220 | D:1      | Reached XP level 2. HP: 18/26 MP: 1/1
   376 | D:1      | 376 ||| Stepping ~*~*~tactically~*~*~ (stealth).
   378 | D:1      | 378 ||| Stepping ~*~*~tactically~*~*~ (stealth).
   382 | D:1      | 382 ||| Stepping ~*~*~tactically~*~*~ (stealth).
   383 | D:1      | 383 ||| Stepping ~*~*~tactically~*~*~ (stealth).
   384 | D:1      | 384 ||| Stepping ~*~*~tactically~*~*~ (stealth).
   403 | D:1      | 403 ||| Stepping ~*~*~tactically~*~*~ (stealth).
   404 | D:1      | 404 ||| Stepping ~*~*~tactically~*~*~ (stealth).
   405 | D:1      | 405 ||| Stepping ~*~*~tactically~*~*~ (stealth).
   406 | D:1      | 406 ||| Stepping ~*~*~tactically~*~*~ (stealth).
   940 | D:1      | Reached XP level 3. HP: 21/31 MP: 2/2
  1280 | D:1      | 1280 ||| UPGRADING to +0 leather armour.
  1290 | D:1      | 1290 ||| DROPPING +0 animal skin.
  1291 | D:1      | 1291 ||| UPGRADING to +0 pair of gloves.
  1296 | D:1      | 1296 ||| UPGRADING to +0 tower shield.
  1301 | D:1      | 1301 ||| UPGRADING to ring of willpower.
  1302 | D:1      | 1302 ||| READING scroll labelled JEWALU WAFUHI.
  1303 | D:1      | 1303 ||| READING scroll labelled MAITEACSOR.
  1304 | D:1      | 1304 ||| READING scroll labelled DUEKHL UT EGYTA.
  1305 | D:1      | 1305 ||| READING scroll labelled ETOUNT DYSM.
  1309 | D:1      | 1309 ||| DRINKING 2 fuming brown potions.
  1310 | D:1      | 1310 ||| DROPPING potion of magic.
  1340 | D:2      | 1340 ||| Stepping ~*~*~tactically~*~*~ (stealth).
  1343 | D:2      | 1343 ||| Stepping ~*~*~tactically~*~*~ (stealth).
  1348 | D:2      | 1348 ||| Stepping ~*~*~tactically~*~*~ (stealth).
  1351 | D:2      | 1351 ||| INVOKING Berserk.
  1364 | D:2      | Reached skill level 1 in Shields
  1442 | D:2      | 1442 ||| FLEEEEING.
  1444 | D:2      | 1444 ||| FLEEEEING.
  1445 | D:2      | 1445 ||| FLEEEEING.
  1446 | D:2      | 1446 ||| FLEEEEING.
  1447 | D:2      | 1447 ||| FLEEEEING.
  1448 | D:2      | 1448 ||| FLEEEEING.
  1449 | D:2      | 1449 ||| FLEEEEING.
  1661 | D:2      | Reached ** piety under Trog
  1703 | D:2      | 1703 ||| INVOKING Berserk.
  1707 | D:2      | Reached skill level 2 in Shields
  2075 | D:2      | Found a faded altar of an unknown god.
  2090 | D:2      | Reached XP level 4. HP: 38/39 MP: 3/3
  2134 | D:2      | Reached skill level 3 in Shields
  2341 | D:2      | 2341 ||| DROPPING +0 club.
  2378 | D:2      | 2378 ||| Stepping ~*~*~tactically~*~*~ (stealth).
  2380 | D:2      | 2380 ||| INVOKING Berserk.
  2382 | D:2      | Reached skill level 4 in Shields
  2623 | D:2      | 2623 ||| READING scroll labelled VUINOEBBUQ.
  2659 | D:3      | 2659 ||| PLANNING SEWER
  2996 | D:3      | Reached XP level 5. HP: 44/45 MP: 4/4
  3024 | D:3      | 3024 ||| Stepping ~*~*~tactically~*~*~ (hiding).
  3027 | D:3      | 3027 ||| INVOKING Berserk.
  3033 | D:3      | Reached skill level 5 in Shields
  3190 | D:3      | 3190 ||| FLEEEEING.
  3191 | D:3      | 3191 ||| FLEEEEING.
  3192 | D:3      | 3192 ||| FLEEEEING.
  3193 | D:3      | 3193 ||| FLEEEEING.
  3199 | D:3      | 3199 ||| Stepping ~*~*~tactically~*~*~ (hiding).
  3202 | D:3      | 3202 ||| INVOKING Berserk.
  3207 | D:3      | Reached *** piety under Trog
  3238 | D:3      | 3238 ||| RIP SEWER
  3251 | D:3      | 3251 ||| PLANNING D:1-11
  3294 | D:3      | 3294 ||| Stepping ~*~*~tactically~*~*~ (water).
  3326 | D:3      | 3326 ||| UPGRADING to +0 ring mail.
  3336 | D:3      | 3336 ||| DROPPING +0 leather armour.
  3337 | D:3      | 3337 ||| UPGRADING to +0 scale mail.
  3402 | D:3      | 3402 ||| DROPPING +0 ring mail.
  3403 | D:3      | 3403 ||| UPGRADING to +0 scale mail of fire resistance.
  3413 | D:3      | 3413 ||| DROPPING +0 scale mail.
  3414 | D:3      | 3414 ||| UPGRADING to +0 chain mail.
  3479 | D:3      | 3479 ||| Stepping ~*~*~tactically~*~*~ (stealth).
  3482 | D:3      | 3482 ||| Stepping ~*~*~tactically~*~*~ (stealth).
  3483 | D:3      | 3483 ||| Stepping ~*~*~tactically~*~*~ (stealth).
  3484 | D:3      | 3484 ||| Stepping ~*~*~tactically~*~*~ (stealth).
  3485 | D:3      | 3485 ||| Stepping ~*~*~tactically~*~*~ (stealth).
  3494 | D:3      | Reached skill level 6 in Shields
  3548 | D:3      | 3548 ||| Stepping ~*~*~tactically~*~*~ (stealth).
  3558 | D:3      | 3558 ||| Stepping ~*~*~tactically~*~*~ (stealth).
  3560 | D:3      | 3560 ||| INVOKING Berserk.
  3563 | D:3      | Reached XP level 6. HP: 51/51 MP: 5/5
  3684 | D:3      | Noticed Jessica
  3690 | D:3      | Killed Jessica
  3827 | D:3      | Found a burning altar of Makhleb.
  4142 | D:3      | 4142 ||| UPGRADING to +6 ring of strength.
  4143 | D:3      | 4143 ||| READING scroll labelled GOUNGO XUMOL.
  4144 | D:3      | 4144 ||| READING scroll labelled QEECVURORA.
  4145 | D:3      | 4145 ||| READING scroll labelled SOD UGUUGA.
  4146 | D:3      | 4146 ||| READING scroll labelled SENIERCH YWUOMU.
  4146 | D:3      | Identified a scroll of acquirement
  4146 | D:3      | 4146 ||| ACQUIRING +0 pair of gloves of Vanity {rF+ Int+3
                  | Dex+4}
  4146 | D:3      | Acquired the +0 pair of gloves of Vanity {rF+ Int+3 Dex+4}
  4148 | D:3      | 4148 ||| UPGRADING to +0 pair of gloves of Vanity {rF+
                  | Int+3 Dex+4}.
  4158 | D:3      | 4158 ||| DROPPING +0 pair of gloves.
  4270 | D:4      | 4270 ||| Stepping ~*~*~tactically~*~*~ (hiding).
  4273 | D:4      | 4273 ||| INVOKING Berserk.
  4389 | D:4      | 4389 ||| FLEEEEING.
  4391 | D:4      | 4391 ||| FLEEEEING.
  4392 | D:4      | 4392 ||| FLEEEEING.
  4393 | D:4      | 4393 ||| FLEEEEING.
  4394 | D:4      | 4394 ||| FLEEEEING.
  4395 | D:4      | 4395 ||| FLEEEEING.
  4396 | D:4      | 4396 ||| FLEEEEING.
  4397 | D:4      | 4397 ||| FLEEEEING.
  4398 | D:4      | 4398 ||| FLEEEEING.
  4399 | D:4      | 4399 ||| FLEEEEING.
  4400 | D:4      | 4400 ||| FLEEEEING.
  4401 | D:4      | 4401 ||| FLEEEEING.
  4402 | D:4      | 4402 ||| FLEEEEING.
  4403 | D:4      | 4403 ||| FLEEEEING.
  4404 | D:4      | 4404 ||| FLEEEEING.
  4405 | D:4      | 4405 ||| FLEEEEING.
  4406 | D:4      | 4406 ||| FLEEEEING.
  4407 | D:4      | 4407 ||| FLEEEEING.
  4408 | D:4      | 4408 ||| FLEEEEING.
  4409 | D:4      | 4409 ||| FLEEEEING.
  4410 | D:4      | 4410 ||| FLEEEEING.
  4411 | D:4      | 4411 ||| FLEEEEING.
  4412 | D:4      | 4412 ||| FLEEEEING.
  4413 | D:4      | 4413 ||| FLEEEEING.
  4414 | D:4      | 4414 ||| FLEEEEING.
  4415 | D:4      | 4415 ||| FLEEEEING.
  4416 | D:4      | 4416 ||| FLEEEEING.
  4417 | D:4      | 4417 ||| FLEEEEING.
  4418 | D:4      | 4418 ||| FLEEEEING.
  4419 | D:4      | 4419 ||| FLEEEEING.
  4420 | D:4      | 4420 ||| FLEEEEING.
  4421 | D:4      | 4421 ||| FLEEEEING.
  4423 | D:4      | 4423 ||| STAIRDANCE
  4516 | D:4      | Reached skill level 7 in Shields
  4527 | D:4      | 4527 ||| FLEEEEING.
  4528 | D:4      | 4528 ||| STAIRDANCE
  4566 | D:4      | 4566 ||| Stepping ~*~*~tactically~*~*~ (stealth).
  4567 | D:4      | 4567 ||| Stepping ~*~*~tactically~*~*~ (stealth).
  4876 | D:4      | Found a glowing golden altar of the Shining One.
  4876 | D:4      | Found a glowing silver altar of Zin.
  4876 | D:4      | Found a white marble altar of Elyvilon.
  4982 | D:4      | 4982 ||| INVOKING Berserk.
  4991 | D:4      | HP: 5/51 [gnoll/+0 halberd (9)]
  4992 | D:4      | Slain by a gnoll

Levels and vault maps discovered:
D:1:      scummos_arrival_star, layout_basic, minivault_11
D:2:      cheibrodos_fertilizer, layout_loops_ring,
          nicolae_ecumenical_lake_church, st_stairs_9
D:3:      layout_loops_corners, lightli_temple_of_fire,
          cheibrodos_sewer_entry_bend, minmay_hedge_maze,
          minmay_close_crescents, uniq_jessica
D:4:      layout_basic, good_gods_mini_temple, minmay_misc_feat_chi, hex_tiny,
          chequers_serial_rivers_small_b, kennysheep_minor_cross,
          amethyst_killhole

Skill      XL: |  1  2  3  4  5  6 |
---------------+-------------------+-----
Axes           | 4 5 |  5.9
Shields        | 2 4 6 7 |  7.2
Fighting       | |  3.6
Armour         | |  2.4
Dodging        | |  2.1

Action                   |  1- 3 |  4- 6 || total
-------------------------+-------+-------++-------
Melee: Hand axe          |    91 |   135 ||   226
       Headbutt          |    12 |    18 ||    30
Invok: Berserk           |     2 |     6 ||     8
  Use: Scroll            |     4 |     5 ||     9
       Potion            |     1 |       ||     1
Armor: Animal skin       |     1 |       ||     1
       Leather armour    |    10 |     9 ||    19
       Chain mail        |       |    20 ||    20
Dodge: Dodged            |    32 |    24 ||    56
Block: Tower shield      |    19 |    88 ||   107

Table legend:
 A = Non-vault XP
 B = Vault XP
 C = Vault XP percentage of total XP
 D = Non-vault monster count
 E = Vault monster count
 F = Vault count percentage of total count
                 A         B        C        D         E       F
            +---------+---------+-------+---------+---------+-------
      Total |     585 |     136 |  18.9 |      87 |      25 |  22.3
            +---------+---------+-------+---------+---------+-------
        D:1 |      43 |       0 |   0.0 |      23 |       0 |   0.0
        D:2 |      69 |      71 |  50.7 |      25 |      17 |  40.5
        D:3 |     196 |      65 |  24.9 |      22 |       8 |  26.7
        D:4 |     277 |       0 |   0.0 |      17 |       0 |   0.0
            +---------+---------+-------+---------+---------+-------
